 Dungeon Crawl Stone Soup version 0.27.1-33-g824d729ab1 (webtiles) character file.

Game seed: 8848343409478078912

7454 jlumianski the Nimble (level 11, -5/89 HPs)
             Began as a Gnoll Monk on Dec 20, 2021.
             Was a Believer of Wu Jian.
             Slain by a white ugly thing (17 damage)
             ... on level 11 of the Dungeon.
             The game lasted 01:00:37 (14669 turns).

jlumianski the Nimble (Gnoll Monk)                 Turns: 14669, Time: 01:00:38

Health: -5/89      AC: 14    Str: 14    XL:     11   Next: 15%
Magic:  20/20      EV: 11    Int:  9    God:    Wu Jian [**....]
Gold:   53         SH:  5    Dex: 15    Spells: 22/22 levels left

rFire    . . .     SeeInvis .   k - +2 war axe (vamp)
rCold    . . .     Faith    .   N - +0 buckler
rNeg     + . .     Spirit   .   u - +0 plate armour
rPois    .         Reflect  .   l - +0 hat
rElec    .         Harm     .   h - scarf {+Inv}
rCorr    .         Rampage  .   U - +1 pair of gloves
Will     .....                  (no boots)
Stlth    ..........             (no amulet)
HPRegen  0.24/turn              i - ring of positive energy
MPRegen  0.17/turn              x - +4 ring of evasion

@: no status effects
A: fangs 1, strong nose, distributed training
a: Renounce Religion, Evoke Invisibility, Wall Jump


You were on level 11 of the Dungeon.
You worshipped Wu Jian.
Wu Jian was pleased with you.
You visited 2 branches of the dungeon, and saw 12 of its levels.
You also visited: Ossuary.

You collected 396 gold pieces.
You spent 343 gold pieces at shops.

Inventory:

Hand Weapons
 a - a +0 hand axe of flaming
 k - a +2 vampiric war axe (weapon)
 C - a +4 flail of protection
 G - a +2 dagger of speed
 P - a +0 scimitar of flaming
 S - a +2 hand axe of electrocution
 T - the +1 hand crossbow "Transmigrator" {venom, Int+3}
   (You found it on level 9 of the Dungeon)

   Any ammunition fired from it poisons the flesh of those it strikes.
   Int:       It affects your intelligence (+3).
Missiles
 c - 94 sling bullets
 e - 141 arrows
 g - 297 stones
 j - 13 boomerangs (quivered)
 n - 4 throwing nets
 r - 3 silver javelins
 s - 75 bolts
 v - 18 poisoned darts
Armour
 b - a +0 robe
 d - a +1 ring mail
 h - a scarf of invisibility (worn)
 l - a +0 hat (worn)
 p - a +0 scale mail
 u - a +0 plate armour (worn)
 A - a +1 robe of the Archmagi
 K - a +0 cloak
 N - a +0 buckler (worn)
 U - a +1 pair of gloves (worn)
Jewellery
 i - a ring of positive energy (left hand)
 t - a ring of positive energy
 x - a +4 ring of evasion (right hand)
Wands
 o - a wand of polymorph (5)
 D - a wand of flame (17)
 F - a wand of paralysis (8)
 O - a wand of acid (4)
Scrolls
 m - 9 scrolls of teleportation
 y - 2 scrolls of amnesia
 I - a scroll of magic mapping
 J - 2 scrolls of identify
 V - 2 scrolls of blinking
Potions
 f - 3 potions of cancellation
 q - 2 potions of curing
 w - 2 potions of degeneration
 z - 3 potions of lignification
 B - a potion of ambrosia
 E - 2 potions of resistance
 H - 2 potions of mutation
 L - a potion of haste
 M - a potion of flight
 R - a potion of berserk rage
Miscellaneous
 Q - a phial of floods (inert)


   Skills:
 + Level 9.0 Fighting
 + Level 6.0 Short Blades
 + Level 6.0 Long Blades
 + Level 9.0 Axes
 + Level 6.0 Maces & Flails
 + Level 6.0 Polearms
 + Level 6.0 Staves
 + Level 6.0 Slings
 + Level 6.0 Bows
 + Level 6.0 Crossbows
 + Level 6.0 Throwing
 + Level 6.0 Armour
 + Level 9.0 Dodging
 + Level 7.4 Stealth
 + Level 6.0 Shields
 + Level 6.0 Unarmed Combat
 + Level 6.0 Spellcasting
 + Level 5.0 Conjurations
 + Level 5.0 Hexes
 + Level 5.0 Summonings
 + Level 5.0 Necromancy
 + Level 5.0 Translocations
 + Level 5.0 Transmutations
 + Level 5.0 Fire Magic
 + Level 5.0 Ice Magic
 + Level 5.0 Air Magic
 + Level 5.0 Earth Magic
 + Level 5.0 Poison Magic
 + Level 6.6 Invocations
 + Level 6.0 Evocations


You had 22 spell levels left.
You didn't know any spells.
Your spell library contained the following spells:

 Spells                   Type           Power      Damage    Failure   Level
 Corpse Rot               Necr/Air       N/A        N/A       97%         2
 Poisonous Vapours        Pois/Air       22%        N/A       97%         2
 Static Discharge         Conj/Air       11%        N/A       97%         2
 Freezing Cloud           Conj/Ice/Air   5%         6-21      100%        5
 Lightning Bolt           Conj/Air       5%         1d17      100%        5
 Summon Forest            Summ/Tloc      5%         N/A       100%        5
 Eringya's Noxious Bog    Tmut/Pois      5%         N/A       100%        6
 Summon Hydra             Summ           5%         N/A       100%        7
 Maxwell's Capacitive Co  Air            5%         ∞         100%        8


Dungeon Overview and Level Annotations

Branches:
Dungeon (11/15)            Temple (1/1) D:7         Ossuary (visited)
   Lair: D:8-11         Orc: D:9-12

Altars:
Ashenzari
Cheibriados
Dithmenos
Elyvilon
Fedhas
Gozag
Hepliaklqana
Kikubaaqudgha
Makhleb
Nemelex Xobeh
Okawaru
Qazlal
Ru
Sif Muna
Trog
Uskayaw
Vehumet
Wu Jian
Xom
Yredelemnul
Zin
The Shining One

Shops:
D:1 *   D:9 ?[(?(


Innate Abilities, Weirdness & Mutations

You have very sharp teeth.
Your uncanny sense of smell can sniff out nearby items.
Your experience applies equally to all skills.


Message History

Aim: a white ugly thing (moderately wounded, 66% to hit)
You throw a boomerang.
The boomerang hits the white ugly thing!
The white ugly thing is heavily wounded.
You lunge at the white ugly thing.
Your plate armour prevents you from hitting the white ugly thing.
You bite the white ugly thing, but do no damage.
The white ugly thing is heavily wounded.
The white ugly thing engulfs you! The white ugly thing freezes you!
You slash the white ugly thing!
You feel better.
You bite the white ugly thing, but do no damage.
The white ugly thing is heavily wounded.
The white ugly thing engulfs you! The white ugly thing freezes you!!
You hit the white ugly thing.
You feel better.
The white ugly thing is severely wounded.
The white ugly thing engulfs you but does no damage.
You slash the white ugly thing!
You feel better.
The white ugly thing is severely wounded.
The white ugly thing engulfs you. The white ugly thing freezes you!
You barely miss the white ugly thing. Your bite misses the white ugly thing.
The white ugly thing is severely wounded.
The white ugly thing engulfs you. The white ugly thing freezes you!!
* * * LOW HITPOINT WARNING * * *
You closely miss the white ugly thing.
The white ugly thing is severely wounded.
The white ugly thing engulfs you but does no damage.
Aiming: Wall Jump
Press: ? - help, Dir - move target, p - white ugly thing The white ugly thing misses you.
Aiming: Corrosive Bolt
Press: ? - help, Shift-Dir - straight line, f - white ugly thing
Aim: a white ugly thing (severely wounded, 74% to hit)
The bolt of acid hits the white ugly thing!
The white ugly thing is splashed with acid.
The acid corrodes the white ugly thing!
The white ugly thing is almost dead.
The white ugly thing engulfs you.
* * * LOW HITPOINT WARNING * * *
The white ugly thing freezes you!
You die...

####### #......
# +...... ..
#......###+##.#
.......<......#
.(......u°....#
........@.....#
.######°......#
#.......#
#......... ∆
.......###
....##### .....
######


You could see a white ugly thing (corroded).

Vanquished Creatures
  Erica (D:8)
  A gargoyle (D:9)
  2 trolls
  Prince Ribbit (D:8)
  A hornet (D:8)
  A meliai zombie (D:10)
  Sigmund (D:5)
  A wraith (Ossuary)
  Grum (D:8)
  3 yaks (D:10)
  Edmund (D:6)
  An acid dragon (D:9)
  2 ice beasts
  3 black bears
  2 necrophages
  4 orc warriors
  4 wolves (D:8)
  3 ogres
  2 centaurs
  2 kobold brigands
  2 gnoll sergeants
  3 scorpions
  11 killer bees (D:8)
  2 howler monkeys (D:7)
  An electric eel (D:6)
  2 bullfrog zombies
  3 centaur zombies
  5 orc priests
  2 gnoll shamans
  5 hounds
  2 jellies
  A centaur skeleton (D:6)
  An iguana (D:5)
  9 orc wizards
  Natasha (twice) (D:3)
  2 mummies
  8 adders
  19 gnolls
  A howler monkey skeleton (D:4)
  A shadow imp (D:7)
  A white imp (D:7)
  An ufetubus (D:4)
  An adder skeleton (D:4)
  2 worms
  4 dart slugs
  30 orcs
  8 ball pythons
  6 endoplasms
  12 goblins
  6 hobgoblins
  2 jackals (D:1)
  2 quokkas
  9 bats
  16 frilled lizards
  7 gnoll skeletons (Ossuary)
  15 kobolds
  7 kobold skeletons (Ossuary)
  11 orc skeletons (Ossuary)
  8 rats
267 creatures vanquished.

Vanquished Creatures (others)
  A killer bee zombie (D:6)
  A fungus (D:10)
  16 plants (D:6)
18 creatures vanquished.

Grand Total: 285 creatures vanquished

Notes
Turn   | Place    | Note
-------+----------+-------------------------------------------
     0 | D:1      | jlumianski the Gnoll Monk began the quest for the Orb.
     0 | D:1      | Reached XP level 1. HP: 23/23 MP: 1/1
    95 | D:1      | Reached XP level 2. HP: 28/29 MP: 2/2
   458 | D:1      | Reached XP level 3. HP: 33/35 MP: 3/3
   710 | D:1      | Found Kautith's General Store.
   718 | D:1      | Bought 5 boomerangs for 32 gold pieces
  1001 | D:2      | Reached skill level 1 in Invocations
  1018 | D:2      | Reached skill level 1 in Short Blades
  1018 | D:2      | Reached skill level 1 in Long Blades
  1018 | D:2      | Reached skill level 1 in Maces & Flails
  1018 | D:2      | Reached skill level 1 in Polearms
  1018 | D:2      | Reached skill level 1 in Staves
  1018 | D:2      | Reached skill level 1 in Slings
  1018 | D:2      | Reached skill level 1 in Bows
  1018 | D:2      | Reached skill level 1 in Crossbows
  1018 | D:2      | Reached skill level 1 in Throwing
  1018 | D:2      | Reached skill level 1 in Armour
  1018 | D:2      | Reached skill level 1 in Shields
  1018 | D:2      | Reached skill level 1 in Unarmed Combat
  1018 | D:2      | Reached skill level 1 in Spellcasting
  1018 | D:2      | Reached skill level 1 in Evocations
  1061 | D:2      | Reached XP level 4. HP: 32/41 MP: 5/5
  1583 | D:3      | Found a faded altar of an unknown god.
  1621 | D:3      | Reached skill level 1 in Conjurations
  1621 | D:3      | Reached skill level 1 in Hexes
  1621 | D:3      | Reached skill level 1 in Summonings
  1621 | D:3      | Reached skill level 1 in Necromancy
  1621 | D:3      | Reached skill level 1 in Translocations
  1621 | D:3      | Reached skill level 1 in Transmutations
  1621 | D:3      | Reached skill level 1 in Fire Magic
  1621 | D:3      | Reached skill level 1 in Ice Magic
  1621 | D:3      | Reached skill level 1 in Air Magic
  1621 | D:3      | Reached skill level 1 in Earth Magic
  1621 | D:3      | Reached skill level 1 in Poison Magic
  1628 | D:3      | Reached XP level 5. HP: 42/47 MP: 6/6
  1886 | D:3      | Noticed a black bear
  1894 | D:3      | Killed a black bear
  2212 | D:3      | Noticed Natasha
  2217 | D:3      | Killed Natasha
  2218 | D:3      | Reached XP level 6. HP: 47/53 MP: 8/8
  2677 | D:3      | Noticed Natasha
  2687 | D:3      | Killed Natasha
  2870 | D:4      | Found a bloodstained altar of Trog.
  3269 | D:4      | Found a white marble altar of Elyvilon.
  3287 | D:4      | Reached XP level 7. HP: 56/59 MP: 10/10
  3612 | D:5      | Entered Level 5 of the Dungeon
  3705 | D:5      | Reached skill level 5 in Stealth
  4284 | D:5      | Reached XP level 8. HP: 64/67 MP: 12/12
  5084 | D:5      | Noticed Sigmund
  5096 | D:5      | Killed Sigmund
  5783 | D:6      | Noticed Edmund
  6164 | D:6      | Found a glowing silver altar of Zin.
  6835 | D:6      | Killed Edmund
  6836 | D:6      | Reached XP level 9. HP: 13/73 MP: 14/14
  7527 | D:6      | Found a sacrificial altar of Ru.
  8053 | D:7      | Found a sand-covered staircase.
  8067 | Ossuary  | Entered an ossuary
  9126 | D:6      | Paralysed by a gnoll for 2 turns
  9499 | D:7      | Found a blossoming altar of Fedhas.
  9504 | D:7      | Found a staircase to the Ecumenical Temple.
  9518 | Temple   | Entered the Ecumenical Temple
  9656 | Temple   | Became a worshipper of the Wu Jian Council
  9656 | Temple   | Reached * piety under Wu Jian
  9656 | Temple   | Reached ** piety under Wu Jian
  9726 | D:7      | Reached skill level 5 in Invocations
 10450 | D:7      | Found a sparkling altar of Nemelex Xobeh.
 10505 | D:8      | Noticed Prince Ribbit
 10551 | D:8      | Killed Prince Ribbit
 10552 | D:8      | Reached XP level 10. HP: 80/80 MP: 17/17
 10747 | D:8      | Reached skill level 5 in Short Blades
 10747 | D:8      | Reached skill level 5 in Long Blades
 10747 | D:8      | Reached skill level 5 in Maces & Flails
 10747 | D:8      | Reached skill level 5 in Polearms
 10747 | D:8      | Reached skill level 5 in Staves
 10747 | D:8      | Reached skill level 5 in Slings
 10747 | D:8      | Reached skill level 5 in Bows
 10747 | D:8      | Reached skill level 5 in Crossbows
 10747 | D:8      | Reached skill level 5 in Throwing
 10747 | D:8      | Reached skill level 5 in Armour
 10747 | D:8      | Reached skill level 5 in Shields
 10747 | D:8      | Reached skill level 5 in Unarmed Combat
 10747 | D:8      | Reached skill level 5 in Spellcasting
 10747 | D:8      | Reached skill level 5 in Evocations
 11026 | D:8      | Noticed Maurice
 11029 | D:8      | Noticed Maurice
 11029 | D:8      | Maurice changed into Maurice the killer bee
 11037 | D:8      | Killed Maurice the killer bee
 11603 | D:8      | Noticed Erica
 11614 | D:8      | Killed Erica
 11864 | D:8      | Noticed Grum
 11995 | D:8      | Killed Grum
 12155 | D:9      | Found Kowiuc's Armour Boutique.
 12184 | D:9      | Found Haom's Magic Scroll Emporium.
 12263 | D:9      | Found Qaufeow's Magic Scroll Emporium.
 12273 | D:9      | Bought a scroll of enchant armour for 97 gold pieces
 12273 | D:9      | Bought a scroll of teleportation for 39 gold pieces
 12273 | D:9      | Bought a scroll of enchant weapon for 97 gold pieces
 12273 | D:9      | Bought a scroll of teleportation for 39 gold pieces
 12273 | D:9      | Bought a scroll of teleportation for 39 gold pieces
 12355 | D:9      | Found a snail-covered altar of Cheibriados.
 12356 | D:9      | Found a basalt altar of Yredelemnul.
 12463 | D:9      | Identified the +1 hand crossbow "Transmigrator" {venom,
                  | Int+3}
 12513 | D:9      | Found Hyusamih's Antique Weapon Boutique.
 12837 | D:9      | Found Hedu's Weapon Shoppe.
 13051 | D:10     | Entered Level 10 of the Dungeon
 13112 | D:10     | Noticed a gargoyle
 13420 | D:9      | Killed a gargoyle
 13674 | D:10     | Reached XP level 11. HP: 65/87 MP: 19/19
 14358 | D:10     | Reached skill level 5 in Conjurations
 14358 | D:10     | Reached skill level 5 in Hexes
 14358 | D:10     | Reached skill level 5 in Summonings
 14358 | D:10     | Reached skill level 5 in Necromancy
 14358 | D:10     | Reached skill level 5 in Translocations
 14358 | D:10     | Reached skill level 5 in Transmutations
 14358 | D:10     | Reached skill level 5 in Fire Magic
 14358 | D:10     | Reached skill level 5 in Ice Magic
 14358 | D:10     | Reached skill level 5 in Air Magic
 14358 | D:10     | Reached skill level 5 in Earth Magic
 14358 | D:10     | Reached skill level 5 in Poison Magic
 14657 | D:11     | Noticed a white ugly thing
 14669 | D:11     | Slain by a white ugly thing

Illustrated notes

Levels and vault maps discovered:
D:1:      dpeg_arrival_boxes_within_box, layout_basic, serial_shops, shop,
          minmay_lizard_pond
D:2:      layout_basic, minmay_pentomino_u4
D:3:      layout_basic, chequers_ecumenical_altar_island, minmay_diced_spiral,
          uniq_natasha
D:4:      layout_rooms, lemuel_round_altar, elyvilon_altar_5,
          serial_corexii_hall, corexii_hall_statues_l, corexii_hall_statues_s
D:5:      layout_loops_cross, grunt_tough_drop, uniq_sigmund
D:6:      layout_loops_ring, zin_academy, nicolae_ru_great_annihilating_truth,
          minivault_14, grunt_ministairs_1, lexackson_kobold_supper, uniq_edmund
D:7:      layout_cave_pools, nemelex_dance_club_becter, lemuel_tele_altar,
          minmay_temple_entry_mist, gup_ossuary_entry_pyramid
D:8:      layout_gridville, uniq_prince_ribbit1, uniq_erica, uniq_maurice,
          uniq_grum
D:9:      layout_loops_ring, gammafunk_temple_overflow_statue, serial_shops,
          nicolae_take_the_stairs, nicolae_shop_statue_plus,
          nicolae_lakefront_shop, nicolae_square_shop, shop
D:10:     layout_roguey, david_lair_generic, kennysheep_generic_room_6
D:11:     layout_basic, minmay_orc_entry_guard_dogs
Temple:   nicolae_temple_great_sept

Skill      XL: |  1  2  3  4  5  6  7  8  9 10 11 |
---------------+----------------------------------+-----
Invocations    | 1 2 3 4 5 6 |  6.6
Short Blades   | 1 2 3 4 5 6 |  6.0
Long Blades    | 1 2 3 4 5 6 |  6.0
Maces & Flails | 1 2 3 4 5 6 |  6.0
Polearms       | 1 2 3 4 5 6 |  6.0
Staves         | 1 2 3 4 5 6 |  6.0
Slings         | 1 2 3 4 5 6 |  6.0
Bows           | 1 2 3 4 5 6 |  6.0
Crossbows      | 1 2 3 4 5 6 |  6.0
Throwing       | 1 2 3 4 5 6 |  6.0
Armour         | 1 2 3 4 5 6 |  6.0
Shields        | 1 2 3 4 5 6 |  6.0
Unarmed Combat | 1 2 3 4 5 6 |  6.0
Spellcasting   | 1 2 3 4 5 6 |  6.0
Evocations     | 1 2 3 4 5 6 |  6.0
Conjurations   | 1 2 3 4 5 |  5.0
Hexes          | 1 2 3 4 5 |  5.0
Summonings     | 1 2 3 4 5 |  5.0
Necromancy     | 1 2 3 4 5 |  5.0
Translocations | 1 2 3 4 5 |  5.0
Transmutations | 1 2 3 4 5 |  5.0
Fire Magic     | 1 2 3 4 5 |  5.0
Ice Magic      | 1 2 3 4 5 |  5.0
Air Magic      | 1 2 3 4 5 |  5.0
Earth Magic    | 1 2 3 4 5 |  5.0
Poison Magic   | 1 2 3 4 5 |  5.0
Fighting       | 7 8 9 |  9.0
Axes           | 7 8 9 |  9.0
Dodging        | 7 8 9 |  9.0
Stealth        | 5 6 7 |  7.4

Action                   |  1- 3 |  4- 6 |  7- 9 | 10-12 || total
-------------------------+-------+-------+-------+-------++-------
Melee: Hand axe          |   106 |    31 |    90 |       ||   227
       Bite              |     5 |    18 |    66 |    30 ||   119
       War axe           |       |   138 |   478 |   284 ||   900
       Punch             |       |     2 |     4 |       ||     6
 Fire: Hand crossbow     |       |       |       |     8 ||     8
Throw: Stone             |     4 |       |       |       ||     4
       Boomerang         |     3 |    12 |    41 |     4 ||    60
       Dart              |       |       |    22 |     8 ||    30
Invok: Lunge             |       |       |     7 |    14 ||    21
       Whirlwind         |       |       |     2 |     9 ||    11
 Abil: Wall Jump         |       |       |    10 |    30 ||    40
Evoke: Wand              |       |       |     1 |     8 ||     9
       Phial of floods   |       |       |       |     1 ||     1
  Use: Scroll            |     4 |     4 |    15 |     4 ||    27
       Potion            |       |     1 |     6 |     3 ||    10
 Stab: Sleeping          |     5 |     3 |       |       ||     8
Armor: Ring mail         |    34 |    10 |       |       ||    44
       Scale mail        |       |    43 |       |       ||    43
       Plate armour      |       |    22 |   277 |   192 ||   491
Dodge: Dodged            |    55 |   104 |   302 |   194 ||   655
Block: Buckler           |       |       |     1 |    93 ||    94
